 Dungeon Crawl Stone Soup version 0.20.1-1-g8b1a95d (webtiles) character file.

94 OneorTwo the Digger (level 4, -4/24 HPs)
             Began as a Gargoyle Earth Elementalist on July 30, 2017.
             Slain by Sigmund
             ... wielding a +0 scythe
              (13 damage)
             ... on level 2 of the Dungeon.
             The game lasted 00:08:38 (1782 turns).

OneorTwo the Digger (Gargoyle Earth Elementalist)   Turns: 1782, Time: 00:08:39

Health: -4/24      AC:  5    Str: 12    XL:     4   Next: 63%
Magic:  8/8        EV: 12    Int: 16    God:
Gold:   45         SH:  0    Dex: 10    Spells: 5/9 levels left

rFire    . . .     SeeInvis .   m - +0 whip
rCold    . . .     Gourm    .   (no shield)
rNeg     + . .     Faith    .   a - +0 robe
rPois    ∞         Spirit   .   (no helmet)
rElec    +         Reflect  .   (no cloak)
rCorr    .         Harm     .   (no gloves)
MR       .....                  (no boots)
Stlth    ++........             (no amulet)
Regen    0.1/turn               (no ring)
MPRegen  0.2/turn               (no ring)

@: no status effects
A: negative energy resistance 1, electricity resistance, unbreathing,
petrification resistance, rot immunity, AC +3
a: no special abilities


You were on level 2 of the Dungeon.
You were not hungry.

You visited 1 branch of the dungeon, and saw 2 of its levels.

You collected 45 gold pieces.

Inventory:

Hand Weapons
 i - a +0 club
 j - a +0 club
 m - a +0 whip (weapon)
Missiles
 b - 6 stones (quivered)
 l - 11 poisoned needles
Armour
 a - a +0 robe (worn)
 c - a +0 robe
 h - a +0 buckler
Scrolls
 g - a scroll of recharging {unknown}
 k - a scroll of enchant weapon {unknown}
 n - a scroll of magic mapping {unknown}
 p - a scroll of amnesia {unknown}
 q - a scroll of teleportation {unknown}
Potions
 r - a potion of heal wounds {unknown}
Books
 e - a book of Geomancy

   Spells                             Type                      Level
   a - Sandblast                      Earth                        1
   b - Passwall                       Transmutation/Earth          2
   c - Stone Arrow                    Conjuration/Earth            3
   d - Petrify                        Transmutation/Earth          4
   e - Lee's Rapid Deconstruction     Earth                        5
Comestibles
 d - a bread ration
 f - a meat ration
 o - 7 chunks of flesh


   Skills:
 - Level 1.5 Dodging
 - Level 2.1 Stealth
 + Level 3.0 Spellcasting
 + Level 1.9 Conjurations
   Level 0.7 Transmutations
 + Level 4.8 Earth Magic


You had 5 spell levels left.
You knew the following spells:

 Your Spells              Type           Power        Failure   Level  Hunger
a - Sandblast             Erth           ###...       2%          1    #......
b - Stone Arrow           Conj/Erth      ##....       14%         3    ###....


Dungeon Overview and Level Annotations

Branches:
Dungeon (2/15)

Altars:

Annotations:
D:2 Sigmund


Innate Abilities, Weirdness & Mutations

You are resistant to torment.
Your stone body is resilient. (AC +3)
You are immune to poison.
You resist negative energy. (rN+)
You are resistant to electric shocks. (rElec)
You can survive without breathing.
You are immune to petrification.
You are immune to rotting.


Message History

The quokka bites you. Something completely misses you.
The quokka bites you but does no damage.
You closely miss the quokka.
The quokka is heavily wounded.
The quokka bites you.
You closely miss the quokka.
The quokka is heavily wounded.
Something hits you.
The quokka bites you but does no damage.
You closely miss the quokka.
The quokka is heavily wounded.
The quokka closely misses you.
You hear some strange, mumbled words.
A puff of flame appears from out of thin air!
The puff of flame hits you! The quokka closely misses you.
You hit the quokka.
The quokka is almost dead.
Something hits you!
Ouch! That really hurt!
You die...

....####### ####......# #...#
#<........# #....#.#..#####..##
#.#######.#####.#.##..#..........
#.# #..##...........@.###..## ..#
###.......######...##...#
.#######.........# ##.#.).#.#
............###..#######...###.#
.######..###......{.......###..#
.###.........##.@##...##.###...#
.##.....######.r#####........#.##
.....#### #.## ####...###..#
..#### ... #.....#... ..# ..#
##.##..... .## #.# #.####... ..#
#. #.# #### ..# # #.# ..# #.#


You could see a quokka.

Vanquished Creatures
  4 adders (D:2)
  A worm (D:2)
  A dart slug (D:1)
  A leopard gecko (D:1)
  2 giant cockroaches (D:1)
  8 goblins
  6 hobgoblins
  5 jackals (D:2)
  6 kobolds
  6 bats
  2 frilled lizards (D:2)
  6 rats
48 creatures vanquished.

Notes
Turn   | Place    | Note
-------+----------+-------------------------------------------
     0 | D:1      | OneorTwo the Gargoyle Earth Elementalist began the quest for the Orb.
     0 | D:1      | Reached XP level 1. HP: 10/10 MP: 3/3
   148 | D:1      | Reached skill level 4 in Earth Magic
   148 | D:1      | Reached XP level 2. HP: 3/15 MP: 0/5
   532 | D:1      | Reached XP level 3. HP: 17/19 MP: 7/7
   537 | D:1      | Learned a level 3 spell: Stone Arrow
  1064 | D:2      | Reached skill level 1 in Conjurations
  1365 | D:2      | Noticed Sigmund
  1371 | D:2      | Reached XP level 4. HP: 24/24 MP: 3/8
  1782 | D:2      | Slain by Sigmund

Skill      XL: |  1  2  3 |
---------------+----------+-----
Earth Magic    | 4 |  4.8
Conjurations   | 1 |  1.9
Spellcasting   | 3 |  3.0
Dodging        | |  1.5
Stealth        | |  2.1
Transmutations | |  0.7

Action                   |  1- 3 |  4- 6 || total
-------------------------+-------+-------++-------
Melee: Unarmed           |    16 |       ||    16
       Club              |    46 |       ||    46
       Whip              |       |    40 ||    40
 Cast: Sandblast         |    36 |    12 ||    48
       Stone Arrow       |     3 |     2 ||     5
  Eat: Chunk             |     2 |     2 ||     4
Armor: Robe              |    26 |    17 ||    43
Dodge: Dodged            |    49 |    26 ||    75
